[Event "*** Titled Tuesday Blitz"]
[Site "Chess.com"]
[Date "2020.11.03"]
[Round "7"]
[White "machupichu10"]
[Black "Andreikka"]
[Result "0-1"]
[WhiteElo "2782"]
[BlackElo "2924"]
[TimeControl "180+1"]
[EndTime "11:24:13 PST"]
[Termination "Andreikka won by resignation"]

1. d4 Nf6 2. Nf3 d5 3. c4 e6 4.
e3 b6 5. cxd5 exd5 6. Bd3 Bd6 7.
O-O Nbd7 8. Nc3 a6 9. Qc2 Bb7 10. e4 dxe4 11. Nxe4 O-O 12. Bg5 h6 13. Bh4 Bf4 14.
Rfe1 Re8 15. Nxf6+ Nxf6 16. Rxe8+ Qxe8 17. Bxf6 Bxf3 18. Be5 Bxe5 19. dxe5 Bc6 20. Rc1 Bb5 21. Be4 Ra7 22. Bc6 Qxe5 23. Rd1 Qf6 24. Bf3 c5 25. a4 Be8 26. a5 Rd7 27. Re1 Rd8 28. h3 Bb5 29. axb6 Qxb6 30. Re5 c4 31. Bd5 Qd4 32. Qf5 Rf8 33. Re7 Qf6 34. Qxf6 gxf6 35. Rc7 Rb8 36. Bxf7+ Kf8 37. Bd5 Be8 38. Bxc4 a5 39. b3 Rb4 40. Bd5 Rb5 41. Bc4 Rb4 42. g4 h5 43. f3 hxg4 44. hxg4 Bb5 45. Bd5 Be8 46. Kf2 Rd4 47. Bc4 Rd2+ 48. Ke3 Rc2 49. Kd3 Rf2 50. Ke3 Rc2 51. Kd3 Rc1 52. Ra7 Ra1 53.
Ra8 Ke7 54. Ke4 Bc6+ 55. Bd5 Re1+ 56. Kd4 Rd1+ 57. Kc5 Bxd5 58. Rxa5 Bxb3 59. Kb4 Be6 60. g5 f5 61. Ra7+ Kd6 62. g6 Rg1 63. g7 Ke5 64. Kc5 Kf6 65. Kd4 Rxg7 66. Ra6 Rd7+ 67. Ke3 Rb7 68.
Ra3 Rb4 69. Kf2 f4 70. Ra5 Bf5 71. Ra6+ Kg5 72. Ra8 Rb2+ 73. Kg1 Kh4 74. Rg8 Bh3 75. Rg7 Rb1+ 76. Kh2 Rb2+ 77. Kg1 Bf5 78. Rg8 Rb6 79. Kh2 Rg6 80. Rf8 Kg5 81. Kg2 Rf6 82. Rg8+ Bg6 83. Kf2 Rd6 84. Rf8 Rd2+ 85. Ke1 Ra2 86. Rg8 Kh6 87. Kf1 Bh5 88. Rf8 Kg5 89. Rg8+ Kf5 90. Rf8+ Ke5 91. Re8+ Kf6 92. Rf8+ Bf7 93. Kg1 Kg7 94.
Rd8 Ra6 95. Rd4 Rf6 96. Kg2 Bh5 97. Rd5 Kg6 98. Kf2 Rf5 99. Rd6+ Kg5 100. Rd8 Ra5 101. Rg8+ Kh4 102. Rh8 Ra2+ 103. Kf1 Rh2 104. Kg1 Rh3 105. Kg2 Rg3+ 106. Kh2 Rxf3 107. Rf8 Kg4 108. Kg2 Rg3+ 109. Kf2 Ra3 110. Rg8+ Kf5 111. Rf8+ Kg5 112. Rg8+ Bg6 113. Rg7 Kf6 114. Rg8 Be4 115. Rf8+ Ke5 116. Re8+ Kd4 117. Rd8+ Bd5 118. Rf8 Ra2+ 119. Kf1 f3 120. Re8 Be4 121. Rb8 Ke3 122. Rb3+ Bd3+ 0-1

[Event "*** Titled Tuesday Blitz"]
[Site "Chess.com"]
[Date "2020.11.03"]
[Round "7"]
[White "BlixLT"]
[Black "jonaszmb"]
[Result "0-1"]
[WhiteElo "2380"]
[BlackElo "2408"]
[TimeControl "180+1"]
[EndTime "11:24:28 PST"]
[Termination "jonaszmb won on time"]

1. d4 Nf6 2. Bg5 c6 3. Bxf6 gxf6 4. Nc3 e5 5. e4 Bb4 6. Nf3 d5 7. exd5 e4 8. Nd2 cxd5 9. Bb5+ Nc6 10. a3 Ba5 11.
Qh5 Be6 12. O-O Qd6 13. Ndxe4 dxe4 14. d5 Bxc3 15. dxe6 Qxe6 16. bxc3 O-O-O 17. Rab1 Ne5 18. Be2 Rdg8 19. Kh1 f5 20. f3 e3 21. f4 Ng4 22.
Bxg4 Rxg4 23. Rbe1 Rhg8 24. Re2 Qe4 25. Qh3 Rxf4 26. Rfe1 Rf2 27. Rxe3 Qxg2+ 28. Qxg2 Rgxg2 29. Rh3 Rxc2 30. Rxh7 a6 31. Rxf7 Rxh2+ 32. Kg1 Rcg2+ 33. Kf1 Rf2+ 34. Kg1 Rfg2+ 35. Kf1 Rh1+ 36. Kxg2 Rxe1 37. Rxf5 Ra1 38. Ra5 Kc7 39. Kf3 Kb6 40. Ra4 a5 41.
Ke4 Kb5 42. Rd4 Rxa3 43. Kd3 Ka6 44. Rd6+ b6 45. Kc4 Ra4+ 46. Kb3 Rh4 47. Rd8 Rh5 48. Re8 Rc5 49. Rf8 Rc7 50. Rg8 Rc6 51. Rf8 b5 52.
Re8 a4+ 53. Kb2 Kb6 54. Rb8+ Kc5 55. Rg8 Rc7 56. Rg5+ Kb6 57. Rg6+ Ka5 58. Rg8 Rc4 59. Ra8+ Kb6 60. Rb8+ Ka6 61. Ra8+ Kb7 62. Rf8 Rh4 63. Rf7+ Kb6 64. Rf8 Rh6 65. Rg8 Ka5 66. Ra8+ Ra6 67. Rb8 Rb6 68. Ra8+ Ra6 69. Rb8 Ra7 70. Ka3 Rc7 71. Kb2 Rc6 72. Ra8+ Kb6 73. Rb8+ Kc5 74. Rh8 Rd6 75. Rh5+ Rd5 76. Rh2 Rg5 77. Rf2 Rg4 78. Rh2 Kc4 79. Rd2 Re4 80. Rh2 Rg4 81. Rf2 a3+ 82. Kxa3 Kxc3 83. Rf3+ Kc4 84. Kb2 Rg2+ 85. Kb1 b4 86. Rh3 Re2 87. Rg3 Kb5 88. Rh3 Rd2 89.
Kc1 Rg2 90. Kb1 Ka4 91. Rf3 Kb5 92. Re3 Kc4 93. Rh3 Rg5 94. Rf3 Rc5 95. Rg3 Kb5 96. Rh3 Kc4 97. Rg3 Kd4 98. Rh3 Rc3 99. Rh4+ Kc5 100. Rg4 Kb5 101. Kb2 Ka4 102. Rh4 Rf3 103. Rg4 Rf2+ 104. Kb1 Ka3 105. Rg8 Rf1+ 106. Kc2 b3+ 107. Kd2 Rf2+ 108. Kc1 Rf1+ 109. Kd2 b2 110. Ra8+ Kb3 111. Rb8+ Ka2 112. Ra8+ Kb1 113. Rb8 Rf7 114. Ra8 Rd7+ 115. Ke2 Rd5 116. Ke3 Kc2 117. Rc8+ Kb3 118. Rb8+ Kc3 119. Rb7 Re5+ 0-1

[Event "*** Titled Tuesday Blitz"]
[Site "Chess.com"]
[Date "2020.11.03"]
[Round "7"]
[White "pedromartinez91"]
[Black "Anton_Demchenko"]
[Result "0-1"]
[WhiteElo "2592"]
[BlackElo "2839"]
[TimeControl "180+1"]
[EndTime "11:24:47 PST"]
[Termination "Anton_Demchenko won by checkmate"]

1. b3 g6 2. Bb2 Nf6 3. Bxf6 exf6 4. d4 d5 5. e3 c6 6. Nd2 Be6 7. Ngf3 Bd6 8. g3 Nd7 9. Bg2 h5 10. h4 Bg4 11. c4 O-O 12. O-O Re8 13. Re1 a5 14. Qc2 Bf5 15. Qc1 Qe7 16. c5 Bc7 17. a3 Ra7 18. Qc3 Qf8 19. Bf1 Rea8 20. Bd3 Bg4 21.
Nh2 Be6 22. Bc2 g5 23. Nhf3 Qg7 24. e4 g4 25. Nh2 Nf8 26. exd5 Bxd5 27. Be4 Rd8 28.
Bxd5 Rxd5 29. Nc4 f5 30. Ne3 Ne6 31. Nxd5 cxd5 32. c6 f4 33. Nf1 Qf6 34. cxb7 Rxb7 35. Rad1 Bb6 36. Qc6 Rc7 37. Qxd5 Rc2 38. Qxh5 fxg3 39.
Qxg4+ Kf8 40. Qxg3 Bc7 41. Qe3 Nf4 42. Rd2 Qg6+ 43.
Qg3 Nh3+ 44. Kg2 Bxg3 45. fxg3 Rxd2+ 46. Nxd2 Nf4+ 47. Kf3 Nd5 48. Ne4 Qf5+ 49. Kg2 Qg4 50. b4 axb4 51. axb4 Nf4+ 52. Kg1 Nd3 53. Re3 Qd1+ 54.
Kg2 Qc2+ 55. Kh3 Nf2+ 56. Nxf2 Qxf2 57. Re5 Qf1+ 58. Kh2 Qf2+ 59. Kh3 Qxd4 60. Rg5 Qxb4 61. Kh2 Qd2+ 62. Kh3 Qd1 63. Kg2 Qe2+ 64. Kh3 f6 65. Rf5 Kf7 66. Rf4 Qe1 67. Kg2 Kg6 68. Kh2 Qe2+ 69.
Kg1 Qd2 70. Kh1 Kf7 71. Kg1 Ke6 72. Kh1 Ke5 73. Kg1 Qe2 74. Kh1 Qe1+ 75. Kg2 Qd1 76. Kh2 Qb3 77. Kg2 Qd3 78. Kh2 f5 79. Kg2 Qe2+ 80.
Kg1 Kf6 81. Kh1 Kg6 82. Kg1 Qe1+ 83. Kg2 Qd1 84. Kh2 Qd5 85. Kg1 Qb3 86. Kg2 Qa3 87. Kh2 Qe3 88. Kg2 Qe2+ 89. Kg1 Kf6 90. Kh1 Ke5 91. Kg1 Qe3+ 92. Kg2 Qc1 93. h5 Qc6+ 94. Kh2 Qh6 95. Rh4 Kf6 96. Kg2 Kg5 97. Kg1 Qb6+ 98. Kg2 Qb2+ 99. Kg1 Qc1+ 100. Kg2 Qd2+ 101. Kg1 Qe1+ 102. Kg2 Qe2+ 103. Kg1 Kh6 104. Kh1 Qf2 105. Rh3 Qf3+ 106. Kh2 Qe2+ 107. Kh1 Qf1+ 108. Kh2 f4 109. gxf4 Qxf4+ 110.
Kg2 Qg4+ 111. Kh2 Qg5 112. Kh1 Qd2 113. Kg1 Qe1+ 114. Kg2 Qe2+ 115. Kg1 Qe4 116. Kh2 Qg4 117. Rg3 Qe2+ 118. Rg2 Qe5+ 119. Kg1 Kxh5 120. Rh2+ Kg4 121. Rg2+ Kf3 122. Rf2+ Ke3 123. Rg2 Qd4 124. Kh2 Qd6+ 125. Kh3 Kf3 126. Rg4 Qh6+ 127. Rh4 Qe6+ 128. Kh2 Qe2+ 129. Kh3 Qg2# 0-1

[Event "*** Titled Tuesday Blitz"]
[Site "Chess.com"]
[Date "2020.11.03"]
[Round "8"]
[White "pedroholly22"]
[Black "rugbyclub"]
[Result "1-0"]
[WhiteElo "2379"]
[BlackElo "2215"]
[TimeControl "180+1"]
[EndTime "11:26:15 PST"]
[Termination "pedroholly22 won by resignation"]

1. e4 c5 2. Nf3 e6 3. d4 cxd4 4. Nxd4 Nc6 5. Nc3 Qc7 6. Be3 a6 7. Qd2 Nf6 8. O-O-O Bb4 9. f3 Ne5 10. Kb1 b5 11. Ncxb5 axb5 12. Qxb4 Nc4 1-0

[Event "*** Titled Tuesday Blitz"]
[Site "Chess.com"]
[Date "2020.11.03"]
[Round "8"]
[White "Karacsonyi_Gellert"]
[Black "boasovietica"]
[Result "0-1"]
[WhiteElo "2658"]
[BlackElo "2557"]
[TimeControl "180+1"]
[EndTime "11:26:51 PST"]
[Termination "boasovietica won by resignation"]

1. e4 e5 2. Nf3 Nc6 3. Bb5 a6 4. Bxc6 dxc6 5. O-O f6 6. d4 exd4 7. Nxd4 c5 8. Nb3 Qxd1 9. Rxd1 Bd7 10. Bf4 O-O-O 11.
Nc3 Be6 12. Rxd8+ Kxd8 13. Rd1+ Kc8 14. Nd5 Bxd5 15. Rxd5 b6 16. Rd2 Ne7 17. Nc1 Ng6 18. Bg3 Be7 19. f3 Re8 20. Rd8+ Rxd8 0-1

[Event "*** Titled Tuesday Blitz"]
[Site "Chess.com"]
[Date "2020.11.03"]
[Round "8"]
[White "goldenpuppy"]
[Black "vovachesss"]
[Result "0-1"]
[WhiteElo "2362"]
[BlackElo "2660"]
[TimeControl "180+1"]
[EndTime "11:27:15 PST"]
[Termination "vovachesss won by resignation"]

1. e4 e5 2. Nf3 d5 3. Nxe5 Bd6 4. d4 dxe4 5. Nc4 Nf6 6. Nc3 O-O 7. Be3 Nc6 8. Qd2 Re8 9. O-O-O a6 10. Kb1 b5 11.
Nxd6 Qxd6 12. h4 Nb4 13. h5 Be6 14. a3 Nbd5 15. Nxd5 Qxd5 16. c4 bxc4 17. Qc3 Reb8 18. Be2 Rb3 19. Qc2 c3 20. Bc1 Rab8 21. h6 Rxa3 0-1

[Event "*** Titled Tuesday Blitz"]
[Site "Chess.com"]
[Date "2020.11.03"]
[Round "8"]
[White "marabu44"]
[Black "WcmDominicToretto"]
[Result "1-0"]
[WhiteElo "2253"]
[BlackElo "1930"]
[TimeControl "180+1"]
[EndTime "11:27:21 PST"]
[Termination "marabu44 won by resignation"]

1. Nf3 d5 2. d4 Nf6 3. c4 c6 4. cxd5 cxd5 5. Nc3 Bf5 6. Qb3 Qd7 7. Ne5 Qc8 8. Bf4 e6 9. Rc1 b6 10. Nb5 Qd8 11. Nc7+ 1-0

[Event "*** Titled Tuesday Blitz"]
[Site "Chess.com"]
[Date "2020.11.03"]
[Round "8"]
[White "nitpicker"]
[Black "szefru"]
[Result "1-0"]
[WhiteElo "2145"]
[BlackElo "2261"]
[TimeControl "180+1"]
[EndTime "11:27:38 PST"]
[Termination "nitpicker won by resignation"]

1. d4 Nf6 2. c4 g6 3. Nc3 Bg7 4. e4 d6 5. Be2 O-O 6. Nf3 e5 7. d5 Nbd7 8. Be3 Ne8 9. Nd2 f5 10. f3 f4 11. Bf2 Qf6 12. b4 g5 13. c5 Qg6 14. Nc4 h5 15. h3 a6 16. c6 bxc6 17.
dxc6 Ndf6 18. Nd5 Be6 19. Ne7+ 1-0

[Event "*** Titled Tuesday Blitz"]
[Site "Chess.com"]
[Date "2020.11.03"]
[Round "8"]
[White "LisikValera"]
[Black "dosto07"]
[Result "1-0"]
[WhiteElo "2521"]
[BlackElo "2350"]
[TimeControl "180+1"]
[EndTime "11:28:11 PST"]
[Termination "LisikValera won by resignation"]

1. d4 d5 2. Bf4 Nf6 3. e3 c5 4. c3 Nc6 5. Nf3 Qb6 6. Qb3 c4 7.
Qxb6 axb6 8. Be2 b5 9. O-O b4 10. cxb4 Nxb4 11. Nc3 Bd7 12. b3 b5 13. a4 Nc2 14. Rac1 cxb3 15. axb5 Nh5 16. Bc7 e6 17. b6 Ba3 18. b7 O-O 19. bxa8=Q Rxa8 20. Rb1 b2 21. Nd1 1-0

[Event "*** Titled Tuesday Blitz"]
[Site "Chess.com"]
[Date "2020.11.03"]
[Round "8"]
[White "Kapibara_Warri0r"]
[Black "Tenamu"]
[Result "0-1"]
[WhiteElo "2142"]
[BlackElo "2347"]
[TimeControl "180+1"]
[EndTime "11:28:11 PST"]
[Termination "Tenamu won by resignation"]

1. e4 e6 2. d4 d5 3. Nc3 Nf6 4. Bg5 Bb4 5. e5 h6 6. Bc1 Ne4 7. Qg4 g6 8. a3 Bxc3+ 9. bxc3 c5 10. Be3 Nc6 11. Ne2 Qa5 12. dxc5 Nxe5 13. Qf4 Nc4 14. f3 g5 0-1

[Event "*** Titled Tuesday Blitz"]
[Site "Chess.com"]
[Date "2020.11.03"]
[Round "8"]
[White "GMaka"]
[Black "TrickyFortem"]
[Result "1-0"]
[WhiteElo "2415"]
[BlackElo "2533"]
[TimeControl "180+1"]
[EndTime "11:28:15 PST"]
[Termination "GMaka won by resignation"]

1. d4 Nf6 2. c4 e6 3. Bg5 Be7 4. Nf3 d5 5. Nc3 O-O 6. cxd5 exd5 7. e3 Nbd7 8. Bd3 Re8 9. Qc2 c6 10. O-O-O b5 11. Ne5 Qb6 12. Nxd7 Bxd7 13. Bxf6 Bxf6 14. Bxh7+ Kf8 15. h4 a5 16. h5 a4 17. Bf5 Qb7 18. h6 b4 19. Bxd7 Qxd7 20. h7 Ke7 21. Nxa4 g6 22.
Nb6 Qa7 23. Qc5+ Ke6 24. Qxc6+ 1-0

[Event "*** Titled Tuesday Blitz"]
[Site "Chess.com"]
[Date "2020.11.03"]
[Round "8"]
[White "RamyresCoelho"]
[Black "AsaHoffmann"]
[Result "0-1"]
[WhiteElo "2053"]
[BlackElo "2296"]
[TimeControl "180+1"]
[EndTime "11:28:23 PST"]
[Termination "AsaHoffmann won by resignation"]

1. e4 d6 2. d4 Nf6 3. Nc3 c6 4.
f3 Nbd7 5. Be3 e5 6. dxe5 dxe5 7. a4 Qa5 8. Bc4 Bc5 9. Bxc5 Nxc5 10. Ne2 Be6 11. Bxe6 Nxe6 12. O-O Rd8 13. Qe1 O-O 14. Nd5 Qc5+ 15. Kh1 cxd5 16. b4 Qe3 17. exd5 Nxd5 18. b5 Nd4 19. Nxd4 Qxe1 20. Rfxe1 exd4 21. Rad1 Ne3 22. Rd2 Rfe8 23. h4 Nf5 24. Rxe8+ Rxe8 25. g4 Nxh4 26.
Rxd4 Nxf3 27. Rd7 h6 28. Rxb7 Re2 29. Rb8+ Kh7 0-1

[Event "*** Titled Tuesday Blitz"]
[Site "Chess.com"]
[Date "2020.11.03"]
[Round "8"]
[White "akanga001"]
[Black "Javylavilla"]
[Result "0-1"]
[WhiteElo "1935"]
[BlackElo "2242"]
[TimeControl "180+1"]
[EndTime "11:28:26 PST"]
[Termination "Javylavilla won by resignation"]

1. d4 Nf6 2. c4 c5 3. d5 b5 4.
cxb5 a6 5. e3 g6 6. Nc3 Bg7 7.
Nf3 O-O 8. e4 d6 9. Be2 axb5 10.
Bxb5 Qa5 11. Bd3 Nxd5 12. exd5 Bxc3+ 13. bxc3 Qxc3+ 14. Bd2 Qxd3 15. a4 Ba6 16. Rc1 Qe4+ 17. Be3 Nd7 18. Qd2 f5 19. Kd1 Qxa4+ 20. Rc2 f4 21. Ng5 fxe3 22. Qxe3 Ne5 23. Ne6 Bd3 0-1

[Event "*** Titled Tuesday Blitz"]
[Site "Chess.com"]
[Date "2020.11.03"]
[Round "8"]
[White "Frogo47"]
[Black "Chuchofrio1"]
[Result "1-0"]
[WhiteElo "2457"]
[BlackElo "2337"]
[TimeControl "180+1"]
[EndTime "11:28:45 PST"]
[Termination "Frogo47 won by resignation"]

1. d4 f5 2. c4 Nf6 3. Nf3 d6 4. g3 g6 5. Bg2 Bg7 6. O-O O-O 7. Nc3 Nc6 8. d5 Ne5 9. Nxe5 dxe5 10. Qb3 Kh8 11.
Rd1 Nd7 12. Qa3 Nb6 13. c5 Nd7 14. c6 Nb6 15. d6 e4 16. dxe7 Qe8 17. exf8=Q+ Bxf8 18. Qb3 bxc6 19. Bf4 Be6 20. Qc2 Nd5 21. Be5+ Kg8 22.
Nxd5 cxd5 23. Qxc7 g5 24. Rac1 Rc8 25. Qxa7 Ra8 26. Qb7 Rxa2 27. Rc7 Bf7 28. Bd4 Ra5 29.
Bh3 f4 30. Bd7 Qe7 31. Bf5 Qd8 32. Rxf7 1-0

[Event "*** Titled Tuesday Blitz"]
[Site "Chess.com"]
[Date "2020.11.03"]
[Round "8"]
[White "Grandmaster1369"]
[Black "kinga2008"]
[Result "1-0"]
[WhiteElo "2304"]
[BlackElo "2085"]
[TimeControl "180+1"]
[EndTime "11:28:46 PST"]
[Termination "Grandmaster1369 won by resignation"]

1. e4 c5 2. c3 d5 3. exd5 Qxd5 4. d4 Nc6 5. Nf3 Bg4 6. dxc5 Qxd1+ 7. Kxd1 e5 8. b4 e4 9. h3 Rd8+ 10. Kc2 Bxf3 11.
gxf3 exf3 12. Nd2 Ne5 13. Bb5+ Ke7 14. Re1 f6 15. Nxf3 Ke6 16. Bf4 Nh6 17. Nxe5 fxe5 18. Bxe5 Kf5 19. Bd3+ Kg5 20. Rg1+ Kh4 21. Bg3+ Kxh3 22. Bf1+ Kg4 23. Bc7+ Kf5 24. Bxd8 Bxc5 25. Bd3+ Ke6 26. Rae1+ Kd7 27. Rxg7+ Kxd8 28. bxc5 Rf8 29. Ree7 Rxf2+ 1-0

[Event "*** Titled Tuesday Blitz"]
[Site "Chess.com"]
[Date "2020.11.03"]
[Round "8"]
[White "Nara_Kh"]
[Black "m_ezat"]
[Result "0-1"]
[WhiteElo "2357"]
[BlackElo "2545"]
[TimeControl "180+1"]
[EndTime "11:29:06 PST"]
[Termination "m_ezat won by resignation"]

1. e4 c6 2. Nc3 d5 3. Nf3 Bg4 4. h3 Bh5 5. g4 Bg6 6. exd5 cxd5 7. Bb5+ Nc6 8. Ne5 Rc8 9. d4 e6 10. Be3 Bb4 11. Qd2 Ne7 12. h4 O-O 13. h5 Be4 14.
Rg1 Nxe5 15. dxe5 Qa5 16. a4 Rxc3 0-1

[Event "*** Titled Tuesday Blitz"]
[Site "Chess.com"]
[Date "2020.11.03"]
[Round "8"]
[White "LiemLe"]
[Black "seorobert1971"]
[Result "1-0"]
[WhiteElo "2993"]
[BlackElo "2737"]
[TimeControl "180+1"]
[EndTime "11:29:11 PST"]
[Termination "LiemLe won by resignation"]

1. e4 c5 2. Nf3 Nc6 3. d4 cxd4 4.
Nxd4 Nf6 5. Nc3 e6 6. Nxc6 bxc6 7. e5 Nd5 8. Ne4 Qc7 9. f4 Qb6 10. c4 Bb4+ 11. Ke2 f5 12. exf6 Nxf6 13. Be3 Qd8 14. Nd6+ Bxd6 15. Qxd6 Bb7 16. Rg1 c5 17. Qxc5 Rc8 18.
Qb4 Qc7 19. Ke1 Ng4 20. Bd2 Nxh2 21. Be2 h5 22. Rh1 a5 23. Qxa5 Qc6 24. Rxh2 Qe4 25. Qe5 1-0

[Event "*** Titled Tuesday Blitz"]
[Site "Chess.com"]
[Date "2020.11.03"]
[Round "8"]
[White "yourstrulyme"]
[Black "HanSchut"]
[Result "1-0"]
[WhiteElo "2419"]
[BlackElo "2198"]
[TimeControl "180+1"]
[EndTime "11:29:18 PST"]
[Termination "yourstrulyme won by resignation"]

1. Nf3 Nf6 2. g3 c5 3. Bg2 Nc6 4. O-O d5 5. d3 g6 6. Nbd2 Bg7 7. e4 O-O 8. c3 Be6 9. e5 Nd7 10. d4 f6 11. exf6 exf6 12. dxc5 Nxc5 13. Re1 Bf7 14.
Nb3 Nxb3 15. axb3 f5 16. Ng5 d4 17. Nxf7 Rxf7 18. b4 dxc3 19. Bd5 cxb2 20. Bxb2 Bxb2 21.
Bxf7+ Kxf7 22. Qb3+ Kf6 23. Qxb2+ Qd4 24. Qe2 a6 25. b5 1-0

[Event "*** Titled Tuesday Blitz"]
[Site "Chess.com"]
[Date "2020.11.03"]
[Round "8"]
[White "Fischerev7"]
[Black "tan275"]
[Result "1-0"]
[WhiteElo "2397"]
[BlackElo "2187"]
[TimeControl "180+1"]
[EndTime "11:29:19 PST"]
[Termination "Fischerev7 won by resignation"]

1. e4 c6 2. d4 d5 3. exd5 cxd5 4. c4 Nf6 5. Nc3 g6 6. cxd5 Bg7 7. Qb3 O-O 8. Be2 e6 9. dxe6 Bxe6 10. Qxb7 Nd5 11.
Qxa8 Nxc3 12. bxc3 Bd5 13. Qxa7 Bxg2 14. Bf3 Re8+ 15.
Be3 Bxh1 16. Bxh1 Qc8 17. Ne2 Nc6 18. Qc5 Nxd4 19. Qxc8 Nc2+ 20. Kd2 Rxc8 21. Kxc2 Rxc3+ 22. Nxc3 1-0

[Event "*** Titled Tuesday Blitz"]
[Site "Chess.com"]
[Date "2020.11.03"]
[Round "8"]
[White "Radzio1987"]
[Black "olksuna"]
[Result "1-0"]
[WhiteElo "2812"]
[BlackElo "2626"]
[TimeControl "180+1"]
[EndTime "11:29:20 PST"]
[Termination "Radzio1987 won by resignation"]

1. c4 e5 2. Nc3 Bb4 3. Nd5 Bc5 4.
e3 Nf6 5. d4 Nxd5 6. dxc5 Nf6 7. b4 O-O 8. Bb2 Re8 9. Nf3 e4 10. Nd4 b6 11. cxb6 axb6 12. Be2 c5 13. bxc5 bxc5 14.
Nb5 d5 15. cxd5 Nxd5 16. O-O Bb7 17. Bc4 Nf6 18. Nd6 Qd7 19. Bxf7+ Kf8 20. Bxf6 1-0

[Event "*** Titled Tuesday Blitz"]
[Site "Chess.com"]
[Date "2020.11.03"]
[Round "8"]
[White "Karateloru"]
[Black "jefferyx"]
[Result "0-1"]
[WhiteElo "2729"]
[BlackElo "2938"]
[TimeControl "180+1"]
[EndTime "11:29:35 PST"]
[Termination "jefferyx won by resignation"]

1. e4 c5 2. Nf3 d6 3. Bb5+ Nd7 4. c4 Nf6 5. Nc3 a6 6. Bxd7+ Bxd7 7. d4 cxd4 8. Qxd4 g6 9. b3 Bg7 10. Bb2 O-O 11.
O-O b5 12. cxb5 axb5 13. Nd5 Bc6 14. Qd3 Nxd5 15. Bxg7 Nf4 16. Qc2 Kxg7 17. Qxc6 Qa5 18. a4 Rfc8 19. Qxb5 Qxb5 20. axb5 Ne2+ 21. Kh1 Rxa1 22.
Rxa1 Rb8 23. Nd2 Rxb5 24. g3 Nd4 25. Rb1 Rb4 26. Kg2 f5 27. exf5 gxf5 28. f4 Kf6 29. Kf2 e5 30. Ke3 e4 31. Nc4 Nb5 32. Kd2 d5 33.
Nb6 Ke6 34. Na4 Kd6 35. Kc2 Na3+ 36. Kc3 Rxa4 0-1

[Event "*** Titled Tuesday Blitz"]
[Site "Chess.com"]
[Date "2020.11.03"]
[Round "8"]
[White "Chessbard1972"]
[Black "enriquebutti"]
[Result "1-0"]
[WhiteElo "2284"]
[BlackElo "1992"]
[TimeControl "180+1"]
[EndTime "11:29:35 PST"]
[Termination "Chessbard1972 won by resignation"]

1. e4 g6 2. d4 Bg7 3. Nc3 d6 4. f3 a6 5. a4 Nf6 6. Be3 b6 7.
Bc4 Bb7 8. Qd2 h6 9. Nge2 e6 10. g4 d5 11. exd5 exd5 12. Bd3 Nbd7 13. O-O-O c5 14. Ng3 c4 15. Be2 b5 16. Rde1 Qa5 17. Bf4 O-O 18. Bxh6 b4 19. Nb1 c3 20. Qf4 cxb2+ 21.
Kxb2 Qxa4 22. Bxg7 Rac8 23. Bd3 Kxg7 24. Nf5+ gxf5 25.
gxf5 b3 26. Rhg1+ Kh8 27. cxb3 Qb4 28. Qh6+ 1-0

[Event "*** Titled Tuesday Blitz"]
[Site "Chess.com"]
[Date "2020.11.03"]
[Round "8"]
[White "Volodar_Murzin"]
[Black "Flopezin"]
[Result "0-1"]
[WhiteElo "2575"]
[BlackElo "2378"]
[TimeControl "180+1"]
[EndTime "11:29:37 PST"]
[Termination "Flopezin won by resignation"]

1. e4 e5 2. Nf3 Nc6 3. d4 exd4 4. Nxd4 Nf6 5. Nxc6 bxc6 6. Nc3 Bb4 7. Bd3 d5 8. exd5 O-O 9. O-O Bg4 10. f3 Bh5 11. dxc6 Qd4+ 12. Kh1 Bxc3 13. bxc3 Qxc3 14. Rb1 Qxc6 15. Bb2 Bg6 16. Qd2 Rad8 17. Rfd1 Rfe8 18.
Qa5 Bxd3 19. cxd3 Nd5 20. Rdc1 Qg6 21. Re1 Nf4 22. Qd2 Nxd3 23. Rxe8+ Rxe8 24. Bd4 Nf2+ 0-1

[Event "*** Titled Tuesday Blitz"]
[Site "Chess.com"]
[Date "2020.11.03"]
[Round "8"]
[White "PSvidler"]
[Black "Promacherr"]
[Result "1-0"]
[WhiteElo "2890"]
[BlackElo "2699"]
[TimeControl "180+1"]
[EndTime "11:29:39 PST"]
[Termination "PSvidler won by resignation"]

1. c4 Nf6 2. g3 c5 3. Bg2 e6 4. Nf3 d5 5. cxd5 exd5 6. d4 Nc6 7. O-O cxd4 8. Nxd4 Bc5 9. Nb3 Bb6 10. Nc3 d4 11. Na4 O-O 12. Bg5 Re8 13. Re1 h6 14.
Bxf6 Qxf6 15. Nxb6 axb6 16. Bxc6 bxc6 17. Qxd4 Qd8 18.
Qc3 c5 19. f3 Qc7 20. Nd2 Ba6 21. Kf2 Re6 22. Rad1 Rae8 23. e4 h5 24. Nc4 h4 25.
Ne3 Rg6 26. Rg1 Bb7 27. Nf5 hxg3+ 28. Rxg3 Ree6 29. Nxg7 Rxg3 30. Nxe6 1-0

[Event "*** Titled Tuesday Blitz"]
[Site "Chess.com"]
[Date "2020.11.03"]
[Round "8"]
[White "Gabrielian_Artur"]
[Black "FMJoseHerrera"]
[Result "1-0"]
[WhiteElo "2798"]
[BlackElo "2581"]
[TimeControl "180+1"]
[EndTime "11:29:39 PST"]
[Termination "Gabrielian_Artur won by resignation"]

1. e4 c5 2. Nc3 e6 3. Nge2 a6 4. g3 Qc7 5. Bg2 b6 6. O-O Bb7 7. d4 cxd4 8. Nxd4 d6 9. Re1 Nd7 10. Bg5 g6 11. Qd2 Bg7 12. Rad1 Ngf6 13. Ndb5 axb5 14.
Nxb5 Qb8 15. Nxd6+ Kf8 16. Nxb7 Qxb7 17. e5 Nd5 18. c4 Nxe5 19. cxd5 Re8 20. dxe6 Nf3+ 21.
Bxf3 Qxf3 22. e7+ Kg8 23. Qd7 1-0

[Event "*** Titled Tuesday Blitz"]
[Site "Chess.com"]
[Date "2020.11.03"]
[Round "8"]
[White "ZverevLev"]
[Black "Zkid"]
[Result "1-0"]
[WhiteElo "2299"]
[BlackElo "2763"]
[TimeControl "180+1"]
[EndTime "11:29:50 PST"]
[Termination "ZverevLev won by checkmate"]

1. e4 c5 2. Nf3 Nc6 3. d4 cxd4 4. Nxd4 Nf6 5. Nc3 e5 6. Ndb5 d6 7. Bg5 a6 8. Na3 b5 9. Bxf6 gxf6 10. Nd5 f5 11. g3 fxe4 12. Bg2 Be6 13. Bxe4 Rc8 14. c3 Bg7 15. Qh5 Ne7 16. Rd1 Nxd5 17. Bxd5 O-O 18. O-O Rc5 19. Bxe6 fxe6 20. Nc2 e4 21.
Qg4 Re5 22. Rd4 h5 23. Qe2 d5 24. Ne3 Rg5 25. Rd2 h4 26. Ng2 h3 27. Nh4 Qb6 28. Kh1 Bf6 29. f4 Rg7 30. Qh5 Qe3 31. Re2 Qd3 32. Ng6 Rff7 33. Qh8# 1-0

[Event "*** Titled Tuesday Blitz"]
[Site "Chess.com"]
[Date "2020.11.03"]
[Round "8"]
[White "MoreChessJulia"]
[Black "Sacbutt"]
[Result "0-1"]
[WhiteElo "2068"]
[BlackElo "2298"]
[TimeControl "180+1"]
[EndTime "11:29:53 PST"]
[Termination "Sacbutt won by resignation"]

1. d4 Nf6 2. c4 e6 3. Nf3 b6 4. a3 Bb7 5. g3 Be7 6. Bg2 O-O 7. O-O c5 8. d5 exd5 9. Nh4 Ne4 10. Nf5 d4 11. Qc2 d5 12. cxd5 Nd6 13. Nxe7+ Qxe7 14. Bf4 Nd7 15. Nd2 Nf6 16. Bg5 h6 17.
Bxf6 Qxf6 18. e4 dxe3 19. fxe3 Qe5 20. e4 f5 21. Rae1 f4 22. gxf4 Rxf4 23. Rxf4 Qxf4 24.
e5 Nf5 25. Qe4 Qxd2 26. Re2 Qd4+ 27. Qxd4 Nxd4 28. Rd2 Rd8 29. d6 Bxg2 30. Kxg2 Kf7 31. b4 Ke6 32. bxc5 bxc5 33. Rb2 Rd7 0-1

[Event "*** Titled Tuesday Blitz"]
[Site "Chess.com"]
[Date "2020.11.03"]
[Round "8"]
[White "Beca95"]
[Black "Alexsur1981"]
[Result "1-0"]
[WhiteElo "2967"]
[BlackElo "2795"]
[TimeControl "180+1"]
[EndTime "11:29:55 PST"]
[Termination "Beca95 won on time"]

1. d4 d5 2. c4 e6 3. Nc3 c6 4. e3 f5 5. g4 Nf6 6. gxf5 exf5 7. Bd3 Na6 8. b3 Nc7 9. Nge2 Bd6 10. Qc2 g6 11. h4 O-O 12. Bb2 Be6 13. c5 Be7 14.
O-O-O Ng4 15. Nf4 Bf7 16. Rdg1 Kh8 17. h5 g5 18. Ng6+ hxg6 19. hxg6+ Kg7 20. gxf7 Nh6 21. Bxf5 Rxf7 22. Bh7 Bf8 23. Rxh6 1-0

[Event "*** Titled Tuesday Blitz"]
[Site "Chess.com"]
[Date "2020.11.03"]
[Round "8"]
[White "Dinamo3"]
[Black "FMalexhdez"]
[Result "1-0"]
[WhiteElo "2413"]
[BlackElo "2299"]
[TimeControl "180+1"]
[EndTime "11:30:04 PST"]
[Termination "Dinamo3 won by resignation"]

1. e4 c5 2. Nf3 d6 3. d4 cxd4 4. Nxd4 Nf6 5. Nc3 a6 6. f3 e5 7.
Nb3 Be6 8. Be3 Nbd7 9. Qd2 Rc8 10. g4 Nb6 11. g5 Nfd7 12. O-O-O Nc4 13. Bxc4 Rxc4 14. Kb1 b5 15. h4 Be7 16. h5 Qc7 17.
Nd5 Bxd5 18. exd5 O-O 19. g6 f5 20. h6 gxh6 21. gxh7+ Kh8 22. Bxh6 Rc8 23. Rdg1 Bf6 24. Qg2 Qd8 25. Bg7+ 1-0